 Dungeon Sprint DCSS version 0.23.2-1-ga50397a6bc (webtiles) character file.

Game seed: 13974931535553691463

14356 Groucho the Unseen (level 11, -1/58 HPs)
             Began as a Spriggan Enchanter on May 26, 2019.
             Was the Champion of Dithmenos.
             Slain by a daeva
             ... wielding a +3 scimitar of holy wrath
              (19 damage)
             ... in the Dungeon (Sprint I: "Red Sonja").
             The game lasted 00:17:33 (2484 turns).

Groucho the Unseen (Spriggan Enchanter)             Turns: 2484, Time: 00:17:34

Health: -1/58      AC:  4    Str:  4    XL:     11   Next: 87%
Magic:  14/32      EV: 36    Int: 20    God:    Dithmenos [******]
Gold:   1411       SH:  0    Dex: 17    Spells: 31/43 levels left

rFire    + . .     SeeInvis +   m - +2 rapier (speed)
rCold    + . .     Gourm    .   (shield restricted)
rNeg     . . .     Faith    .   n - +2 robe {rC+ rF+}
rPois    .         Spirit   .   (helmet restricted)
rElec    .         Reflect  .   (no cloak)
rCorr    .         Harm     .   (gloves unavailable)
MR       ++...     NoTele   +   (boots unavailable)
Stlth    +++++++...             (no amulet)
HPRegen  0.19/turn              k - ring of protection from magic
MPRegen  0.23/turn              u - +4 ring of evasion

@: very quick
A: very small, unfitting armour, see invisible, herbivore, speed 3, slow
metabolism 2
a: Shadow Step, Shadow Form, Renounce Religion


You were in the Dungeon.
You worshipped Dithmenos.
Dithmenos was exalted by your worship.
You were not hungry.

You visited 1 branch You collected 3588 gold pieces.
You spent 2177 gold pieces at shops.

Inventory:

Hand Weapons
 a - a +1 dagger
 e - a +0 dagger of venom
 j - a +5 blowgun
 m - a +2 rapier of speed (weapon)
 o - a +2 dagger of distortion
 p - a +5 rapier of holy wrath
 v - a +1 dagger of flaming
Missiles
 l - 33 stones (quivered)
 s - 6 curare-tipped needles
Armour
 n - a +2 robe of resistance (worn)
Jewellery
 k - a ring of protection from magic (left hand)
 u - a +4 ring of evasion (right hand)
Wands
 q - a wand of digging (3)
 x - a wand of paralysis (8)
Scrolls
 f - 3 scrolls of remove curse
 g - a scroll of blinking
 i - a scroll of amnesia {unknown}
 t - a scroll of silence
Potions
 b - 2 potions of curing
 c - a potion of agility
 h - a potion of magic
 r - 2 potions of flight
 w - a potion of ambrosia {unknown}
 z - a potion of heal wounds
Comestibles
 d - 5 rations


   Skills:
 + Level 7.6 Fighting
 * Level 11.3 Short Blades
 * Level 17.1 Dodging
 - Level 19.0 Stealth
 * Level 16.5 Spellcasting
 + Level 3.6 Conjurations
 + Level 15.8 Hexes
 - Level 1.1 Ice Magic


You had 31 spell levels left.
You knew the following spells:

 Your Spells              Type           Power        Failure   Level  Hunger
a - Corona                Hex            ######.      0%          1    None
b - Ensorcelled Hibernat  Hex/Ice        ######       1%          2    None
c - Confuse               Hex            ######..     0%          3    None
d - Dazzling Spray        Conj/Hex       ######       1%          3    None
e - Tukima's Dance        Hex            ######..     0%          3    None

Your spell library contained the following spells:

 Spells                   Type           Power        Failure   Level  Hunger
 Sandblast                Erth           ###...       3%          1    None
 Stone Arrow              Conj/Erth      ###...       4%          3    None
 Passwall                 Tmut/Erth      ###.....     5%          2    None
 Petrify                  Tmut/Erth      ###.....     34%         4    None
 Lee's Rapid Deconstruct  Erth           ###.......   69%         5    ###....


Dungeon Overview and Level Annotations

Branches:
Dungeon (1/1)

Altars:
Cheibriados
Dithmenos
Elyvilon
Fedhas
Gozag
Hepliaklqana
Kikubaaqudgha
Makhleb
Nemelex Xobeh
Okawaru
Qazlal
Ru
Sif Muna
Trog
Uskayaw
Vehumet
Wu Jian
Xom
Yredelemnul
Zin
The Shining One
Jiyva
Lugonu

Shops:
D *=}*}(*(**[![?![(*


Innate Abilities, Weirdness & Mutations

You are very small and have problems with some larger weapons.
You are too small for most types of armour.
You have supernaturally acute eyesight. (SInv)
You are a herbivore.
You cover ground extremely quickly.
You need to consume almost no food.


Message History

The daeva is heavily wounded.
Your shadow mimicks your spell!
The shadow shard hits the daeva!!
The daeva hits you with a +3 scimitar of holy wrath!
The daeva completely misses you.
Casting: Dazzling Spray (safe; 1% risk of failure)
Confirm with . or Enter, or press ? or * to list all spells.
Aiming: Dazzling Spray (safe; 1% risk of failure)
Press: ? - help, Shift-Dir - straight line, f/p - daeva
Aim: a daeva, wielding a +3 scimitar of holy wrath and wearing a +0 large shield (severely wounded)
The spray of energy hits the daeva!
The daeva is severely wounded.
Casting: Dazzling Spray (safe; 1% risk of failure)
Confirm with . or Enter, or press ? or * to list all spells.
Aiming: Dazzling Spray (safe; 1% risk of failure)
Press: ? - help, Shift-Dir - straight line, f/p - daeva
Aim: a daeva, wielding a +3 scimitar of holy wrath and wearing a +0 large shield (severely wounded)
The daeva blocks the spray of energy.
The daeva hits you with a +3 scimitar of holy wrath!!
You die...

###############################
'..[#).#§.§§§.§§§.§'..#^^+§...#
#...##'#§####§§§..##..'^^#§§..##
#)..'..#§# ##§.§#######+#§§§§§##
#####.§'.# ###§# )$## #§.§§§#.
#..##+#### #§##$$$# ##§§§§#.
§..# #@§###$# ###'##. #§.#
##A#.#$# #§### ##'### #...##$#
##'#§§ ##§'.# #.##..$# ##^..§^
.###.# #. +### #^.^§.^ .∩##.# ##
##^^..[§ ####§# #...§§§) §§##§#
#....... .§§§.# ##^..^.^


You could see a daeva.

Vanquished Creatures
  A golden dragon (D)
  A shadow dragon (D)
  A hydra (D)
  2 centaur warriors (D)
  Sonja (D)
  A deep troll (D)
  2 unseen horrors (D)
  A lindwurm (D)
  An oklob plant (D)
  4 demonic crawlers (D)
  2 kobold demonologists (D)
  A hornet (D)
  A slime creature (D)
  Sigmund (D)
  2 redbacks (D)
  A yak (D)
  13 hogs (D)
  3 floating eyes (D)
  7 necrophages (D)
  An ogre (D)
  8 jellies (D)
  Ijyb (D)
  A ballistomycete spore (D)
57 creatures vanquished.

Vanquished Creatures (others)
  A ballistomycete spore (D)
1 creature vanquished.

Grand Total: 58 creatures vanquished

Notes
Turn   | Place    | Note
-------+----------+-------------------------------------------
     0 | D        | Groucho the Spriggan Enchanter began the quest for the Orb.
     0 | D        | Reached XP level 1. HP: 9/9 MP: 5/5
     2 | D        | Noticed Ijyb
     8 | D        | Killed Ijyb
     8 | D        | Reached skill level 7 in Stealth
     8 | D        | Reached skill level 5 in Hexes
     8 | D        | Reached XP level 2. HP: 7/13 MP: 6/8
    19 | D        | Learned a level 2 spell: Ensorcelled Hibernation
    37 | D        | Noticed an ogre
    39 | D        | Killed an ogre
    39 | D        | Reached skill level 10 in Stealth
    39 | D        | Reached XP level 3. HP: 16/16 MP: 8/11
    39 | D        | Reached XP level 4. HP: 21/21 MP: 9/13
   182 | D        | Noticed Sigmund
   185 | D        | Killed Sigmund
   185 | D        | Reached skill level 13 in Stealth
   185 | D        | Reached XP level 5. HP: 24/24 MP: 12/16
   198 | D        | Found a deep blue altar of Sif Muna.
   199 | D        | Found an ornate altar of the Wu Jian Council.
   200 | D        | Found a radiant altar of Vehumet.
   204 | D        | Reached skill level 14 in Stealth
   204 | D        | Reached XP level 6. HP: 28/28 MP: 15/18
   254 | D        | Found Xiesu's Jewellery Emporium.
   254 | D        | Found an ancient bone altar of Kikubaaqudgha.
   254 | D        | Found a hazy altar of Hepliaklqana.
   254 | D        | Found a stormy altar of Qazlal.
   254 | D        | Found a hide-covered altar of Uskayaw.
   254 | D        | Found a blossoming altar of Fedhas.
   254 | D        | Found a bloodstained altar of Trog.
   254 | D        | Found an iron altar of Okawaru.
   254 | D        | Found a basalt altar of Yredelemnul.
   254 | D        | Found a glowing golden altar of the Shining One.
   254 | D        | Found a snail-covered altar of Cheibriados.
   254 | D        | Found a sacrificial altar of Ru.
   254 | D        | Found a glowing silver altar of Zin.
   254 | D        | Found a shadowy altar of Dithmenos.
   254 | D        | Found a white marble altar of Elyvilon.
   254 | D        | Noticed a yak
   255 | D        | Found an opulent altar of Gozag.
   256 | D        | Killed a yak
   256 | D        | Reached skill level 15 in Stealth
   257 | D        | Found a sparkling altar of Nemelex Xobeh.
   265 | D        | Became a worshipper of Dithmenos the Shadowed
   284 | D        | Learned a level 3 spell: Confuse
   299 | D        | Noticed a centaur warrior
   299 | D        | Noticed a centaur warrior
   300 | D        | Killed a centaur warrior
   300 | D        | Reached skill level 16 in Stealth
   300 | D        | Reached skill level 10 in Spellcasting
   300 | D        | Reached skill level 10 in Hexes
   300 | D        | Reached XP level 7. HP: 35/35 MP: 20/22
   300 | D        | Reached XP level 8. HP: 39/39 MP: 20/23
   301 | D        | Killed a centaur warrior
   301 | D        | Reached skill level 17 in Stealth
   313 | D        | Noticed a hornet
   316 | D        | Killed a hornet
   316 | D        | Reached * piety under Dithmenos
   316 | D        | Reached skill level 5 in Short Blades
   316 | D        | Reached XP level 9. HP: 44/44 MP: 22/25
   327 | D        | Noticed an oklob plant
   329 | D        | Killed an oklob plant
   329 | D        | Reached skill level 10 in Dodging
   336 | D        | Reached skill level 18 in Stealth
   339 | D        | Reached ** piety under Dithmenos
   368 | D        | Noticed an unseen horror
   370 | D        | Noticed an unseen horror
   375 | D        | Killed an unseen horror
   377 | D        | Killed an unseen horror
   377 | D        | Reached *** piety under Dithmenos
   397 | D        | Reached XP level 10. HP: 51/51 MP: 23/28
   403 | D        | Reached **** piety under Dithmenos
   406 | D        | Reached skill level 19 in Stealth
   411 | D        | Learned a level 3 spell: Dazzling Spray
   415 | D        | Learned a level 3 spell: Tukima's Dance
   422 | D        | Reached ***** piety under Dithmenos
   426 | D        | Reached skill level 5 in Fighting
   500 | D        | Found Vaithuhua's General Store.
   500 | D        | Found Dap Coxkayt's Gadget Shop.
   500 | D        | Found Gisez's Gadget Boutique.
   502 | D        | Found Jerats's Weapon Emporium.
   502 | D        | Found Reiv's General Store.
   502 | D        | Found Haoquz's Antique Weapon Shoppe.
   502 | D        | Found Epsuaruu's General Store.
   502 | D        | Found Huz Xee's Assorted Antiques.
   502 | D        | Found Maicaogu's Antique Armour Shop.
   502 | D        | Found Naimaf's Distillery.
   506 | D        | Found Veidif's Armour Boutique.
   507 | D        | Bought a +2 rapier of speed for 336 gold pieces
   507 | D        | Found Yrchoix's Distillery.
   507 | D        | Found Qurug's Magic Scroll Boutique.
   508 | D        | Found Siefeucu's Weapon Emporium.
   514 | D        | Bought a +2 robe of resistance for 490 gold pieces
   516 | D        | Bought a scroll of remove curse for 39 gold pieces
   517 | D        | Bought a +5 rapier of holy wrath for 444 gold pieces
   530 | D        | Bought a wand of digging (5) for 180 gold pieces
   539 | D        | Bought a potion of flight for 30 gold pieces
   618 | D        | Noticed a deep troll
   620 | D        | Killed a deep troll
   632 | D        | Found Utum's Armour Emporium.
   647 | D        | Noticed Sonja
   650 | D        | Killed Sonja
   709 | D        | Found Eliotz's General Store.
   772 | D        | Found a burning altar of Makhleb.
   772 | D        | Found a shimmering altar of Xom.
   773 | D        | Found a viscous altar of Jiyva.
   773 | D        | Found a corrupted altar of Lugonu.
   791 | D        | Reached ****** piety under Dithmenos
  1376 | D        | Bought a scroll of identify for 26 gold pieces
  1376 | D        | Bought a scroll of identify for 26 gold pieces
  1386 | D        | Bought a diamond ring for 140 gold pieces
  1432 | D        | Bought a +4 ring of evasion for 396 gold pieces
  1466 | D        | Noticed a lindwurm
  1468 | D        | Killed a lindwurm
  1468 | D        | Reached skill level 1 in Ice Magic
  1468 | D        | Reached XP level 11. HP: 56/56 MP: 30/30
  1480 | D        | Reached skill level 15 in Hexes
  1483 | D        | Reached skill level 15 in Dodging
  1483 | D        | Reached skill level 1 in Conjurations
  1484 | D        | Reached skill level 15 in Spellcasting
  1783 | D        | Noticed a 12-headed hydra
  1785 | D        | Killed a 12-headed hydra
  1852 | D        | Noticed a shadow dragon
  1852 | D        | Noticed a golden dragon
  1853 | D        | Killed a shadow dragon
  1853 | D        | Reached skill level 10 in Short Blades
  1870 | D        | HP: 2/87 [golden dragon (8)]
  1879 | D        | Killed a golden dragon
  2275 | D        | Found Nuonaong's General Store.
  2294 | D        | Bought a potion of heal wounds for 70 gold pieces
  2439 | D        | Noticed a daeva
  2484 | D        | Slain by a daeva

Skill      XL: |  1  2  3  4  5  6  7  8  9 10 11 |
---------------+----------------------------------+-----
Stealth        | 7 10 13 14 16 17 18 19 | 19.0
Spellcasting   | 4 6 7 8 10 11 13 14 16 | 16.5
Hexes          | 5 6 8 10 11 13 14 15 | 15.8
Fighting       | 2 3 4 6 7 |  7.6
Short Blades   | 3 5 6 8 11 | 11.3
Dodging        | 7 9 12 14 17 | 17.1
Ice Magic      | 1 |  1.1
Conjurations   | 3 |  3.6

Action                   |  1- 3 |  4- 6 |  7- 9 | 10-12 || total
-------------------------+-------+-------+-------+-------++-------
Melee: Dagger            |     4 |     4 |    12 |    21 ||    41
       Rapier            |       |       |       |    70 ||    70
Throw: Stone             |       |       |       |     1 ||     1
 Cast: Ensorcelled Hiber |       |     1 |     2 |     9 ||    12
       Confuse           |       |       |       |    16 ||    16
       Dazzling Spray    |       |       |       |    21 ||    21
Invok: Shadow Step       |       |       |       |     2 ||     2
Evoke: Wand              |       |       |       |     2 ||     2
  Use: Potion            |     2 |       |       |     4 ||     6
       Scroll            |       |     1 |       |     5 ||     6
 Stab: Sleeping          |     2 |     4 |    12 |    26 ||    44
       Confused          |       |       |       |     6 ||     6
       Invisible         |       |       |       |     6 ||     6
       Distracted        |       |       |       |     1 ||     1
Armor: Robe              |       |       |       |     4 ||     4
Dodge: Dodged            |     1 |       |     2 |   128 ||   131
